 Dungeon Crawl Stone Soup version 0.31.0-11-ge490571c62 (webtiles) character file.

Game seed: 8193034527614821313

3703 qw the Markself (level 9, -3/52 HPs)
             Began as a Deep Elf Hunter on Feb 4, 2024.
             Was a Priest of Okawaru.
             Slain by Erica
             ... wielding a +3 scimitar of flaming
              (11 damage)
             ... on level 9 of the Dungeon.
             The game lasted 00:00:29 (6254 turns).

qw the Markself (Deep Elf Hunter)                   Turns: 6254, Time: 00:00:30

Health: -3/52      AC: 11    Str: 18    XL:     9   Next: 91%
Magic:  12/15      EV: 11    Int: 15    God:    Okawaru [***...]
Gold:   400        SH:  5    Dex: 18    Spells: 8/8 levels left

rFire   + . .        d - +6 arbalest (flame)
rCold   . . .        (shield currently unavailable)
rNeg    . . .        h - +3 ring mail
rPois   .            (no helmet)
rElec   .            k - +2 cloak
rCorr   .            (no gloves)
SInv    .            (no boots)
Will    .....        e - amulet of reflection
Stlth   +            l - ring of protection from fire
HPRegen 0.28/turn    m - +6 ring of strength
MPRegen 0.14/turn

%: reflection
@: lethally poisoned (-3 -> -6), finesse-ful, slowed, constricted, very slow
A: screaming 2
a: Renounce Religion, Heroism


You were on level 9 of the Dungeon.
You worshipped Okawaru.
Okawaru was most pleased with you.
You visited 1 branch of the dungeon, and saw 9 of its levels.

You collected 400 gold pieces.


Innate Abilities, Weirdness & Mutations

You frequently scream uncontrollably at your foes.


   Skills:
 - Level 4.0 Fighting
 + Level 15.5 Ranged Weapons
 - Level 1.0 Armour
 - Level 6.0 Dodging
 - Level 1.2 Stealth
 - Level 5.3 Invocations


You had 8 spell levels left.
You didn't know any spells.
Your spell library was empty.

Inventory:

Hand Weapons
 d - a +6 arbalest of flaming (weapon)
Armour
 h - a +3 ring mail (worn)
 k - a +2 cloak (worn)
Jewellery
 e - an amulet of reflection (around neck)
 l - a ring of protection from fire (left hand)
 m - a +6 ring of strength (right hand)
Wands
 a - a wand of paralysis (8)
 j - a wand of polymorph (10)
Scrolls
 b - 4 scrolls of teleportation
Potions
 c - a potion of cancellation
 f - 4 potions of heal wounds
 g - a potion of mutation
 i - 2 potions of curing
 n - a potion of magic

Dungeon Overview and Level Annotations

Branches:
Dungeon (9/15)             Temple (0/1) D:7
   Lair: D:8-11         Orc: D:9-12

Altars:
Elyvilon
Fedhas
Nemelex Xobeh
Okawaru
Ru
Sif Muna
Trog
Uskayaw
Vehumet
Xom
Zin

Annotations:
D:7 2 transporters
D:9 Erica


Message History

You shoot a bolt. The bolt closely misses Erica.
Erica casts a spell.
Erica flickers and vanishes!
Deactivating autopickup; reactivate with Ctrl-A.
You shoot a bolt.
You hear some strange, mumbled words.
A bolt of poison appears from out of thin air!
The bolt of poison hits you.
You are poisoned.
You shoot a bolt.
You feel very sick.
You shoot a bolt.
You feel very sick.
You hear some strange, mumbled words.
A bolt of poison appears from out of thin air!
The bolt of poison misses you.
You shoot a bolt.
You feel very sick.
You shoot a bolt.
You feel very sick. Something hits you. Something grabs you.
You are constricted.
You shoot a bolt.
You feel sick. Something hits you.
You are constricted.
You shoot a bolt.
You feel sick.
You hear some strange, mumbled words.
You feel as though you will be slow longer.
You are constricted.
You shoot a bolt.
You feel sick. Something hits you! Something burns you.
You are constricted.
You shoot a bolt.
You feel sick.
You hear some strange, mumbled words.
Something tries to affect you, but you resist.
You are constricted.
You shoot a bolt.
You feel sick.
You shoot a bolt.
You feel sick. Something hits you!
You die...

####
#...##.
....[..
......#
......#
......#
##{....##
#@......#
#.......#
#.......#
##.....##
#...##
####


There were no monsters in sight!

Vanquished Creatures
  An unseen horror (D:8)
  Grinder (D:5)
  A steam dragon (D:7)
  A water moccasin (D:7)
  Duvessa (D:6)
  An ice beast (D:7)
  An orc warrior (D:8)
  2 sky beasts (D:7)
  2 centaurs
  Blork the orc (D:4)
  2 kobold brigands
  3 bullfrogs
  A gnoll sergeant (D:8)
  2 scorpions (D:5)
  12 wights (D:8)
  Dowan (D:6)
  3 howler monkeys
  3 bombardier beetles
  A quasit (D:5)
  2 hounds
  2 jellies
  2 orc priests
  3 sleepcaps
  5 iguanas
  3 orc wizards
  4 gnolls (D:2)
  13 adders
  A shadow imp (D:5)
  5 white imps
  2 ufetubi (D:5)
  A dart slug (D:5)
  2 ribbon worms (D:2)
  19 orcs
  7 bats
  10 endoplasms
  5 giant cockroaches
  5 goblins
  8 hobgoblins
  4 jackals (D:2)
  23 kobolds
  2 quokkas
  6 ball pythons
  4 frilled lizards
  10 rats
188 creatures vanquished.

Vanquished Creatures (others)
  2 kobold brigands (D:8)
2 creatures vanquished.

Grand Total: 190 creatures vanquished

Notes
Turn   | Place    | Note
-------+----------+-------------------------------------------
     0 | D:1      | qw the Deep Elf Hunter began the quest for the Orb.
     0 | D:1      | Reached XP level 1. HP: 12/12 MP: 3/3
     0 | D:1      | 0 ||| qw: Version: 0.3-a-160-g6735b56
     0 | D:1      | 0 ||| qw: Game counter: 5663
     0 | D:1      | 0 ||| qw: Melee chars always use a shield: true
     0 | D:1      | 0 ||| qw: God list: Okawaru
     0 | D:1      | 0 ||| qw: Allow faded altars: false
     0 | D:1      | 0 ||| qw: Do Orc after clearing Dungeon:15 true
     0 | D:1      | 0 ||| qw: Do second Lair branch before Depths: true
     0 | D:1      | 0 ||| qw: Lair rune preference: random
     0 | D:1      | 0 ||| qw: Goals: Normal
     0 | D:1      | 0 ||| PLANNING D:1-11
   131 | D:1      | Reached XP level 2. HP: 16/16 MP: 4/4
   163 | D:1      | Reached skill level 6 in Ranged Weapons
   516 | D:1      | Reached XP level 3. HP: 19/20 MP: 5/5
   716 | D:1      | 716 ||| UPGRADING to +2 cloak.
   721 | D:1      | 721 ||| READING scroll labelled ZAYPEH MONONWI.
   722 | D:1      | 722 ||| READING scroll labelled JAUVOMUTUU.
   722 | D:1      | 722 ||| BRANDING +0 shortbow.
   723 | D:1      | 723 ||| READING scroll labelled ROUWAI XEOR.
   723 | D:1      | Identified a scroll of acquirement
   723 | D:1      | 723 ||| ACQUIRING +6 arbalest of electrocution
   723 | D:1      | Acquired a +6 arbalest of electrocution
   725 | D:1      | 725 ||| SWAPPING to +6 arbalest of electrocution.
   726 | D:1      | 726 ||| DROPPING +0 shortbow of freezing.
   727 | D:1      | 727 ||| READING scroll labelled SENGE LIGOI.
   728 | D:1      | 728 ||| READING 2 scrolls labelled SAFAGG INTAO.
   729 | D:1      | 729 ||| READING scroll labelled ERAOSO DEOK.
   730 | D:1      | 730 ||| DRINKING 2 golden potions.
   731 | D:1      | 731 ||| DROPPING scroll of butterflies.
   732 | D:1      | 732 ||| DROPPING potion of attraction.
   733 | D:1      | 733 ||| DROPPING scroll of fear.
   816 | D:2      | Reached skill level 7 in Ranged Weapons
   911 | D:2      | Found an iron altar of Okawaru.
   912 | D:2      | 912 ||| PLANNING OKAWARU WORSHIP
   912 | D:2      | 912 ||| DRINKING 2 bubbling yellow potions.
   913 | D:2      | 913 ||| FLEEEEING.
   914 | D:2      | 914 ||| FLEEEEING.
   915 | D:2      | 915 ||| FLEEEEING.
   916 | D:2      | 916 ||| FLEEEEING.
   917 | D:2      | 917 ||| FLEEEEING.
   918 | D:2      | 918 ||| FLEEEEING.
   919 | D:2      | 919 ||| FLEEEEING.
   920 | D:2      | 920 ||| FLEEEEING.
   921 | D:2      | 921 ||| FLEEEEING.
   922 | D:2      | 922 ||| STAIRDANCE
  1024 | D:1      | 1024 ||| DROPPING potion of berserk rage.
  1049 | D:2      | Became a worshipper of Warmaster Okawaru
  1050 | D:2      | 1050 ||| PLANNING D:1-11
  1103 | D:2      | Reached XP level 4. HP: 25/25 MP: 6/6
  1191 | D:2      | Reached skill level 8 in Ranged Weapons
  1365 | D:2      | Reached XP level 5. HP: 29/29 MP: 7/7
  1483 | D:2      | 1483 ||| UPGRADING to amulet of reflection.
  1488 | D:2      | 1488 ||| READING scroll labelled KUIMES COIZYO.
  1489 | D:2      | 1489 ||| READING 2 scrolls labelled ISINTUE XEOFA.
  1633 | D:3      | Reached * piety under Okawaru
  1634 | D:3      | Reached skill level 9 in Ranged Weapons
  1783 | D:3      | Found a faded altar of an unknown god.
  1826 | D:3      | Reached skill level 3 in Dodging
  1826 | D:3      | Reached skill level 1 in Invocations
  2321 | D:3      | 2321 ||| UPGRADING to +0 ring mail.
  2331 | D:3      | 2331 ||| DROPPING +0 leather armour.
  2332 | D:3      | 2332 ||| READING 3 scrolls labelled UFFATAESER.
  2332 | D:3      | 2332 ||| IDENTIFYING bubbling coppery potion
  2333 | D:3      | 2333 ||| READING 2 scrolls of identify.
  2333 | D:3      | 2333 ||| IDENTIFYING murky yellow potion
  2334 | D:3      | 2334 ||| READING scroll of identify.
  2334 | D:3      | 2334 ||| IDENTIFYING yellow potion
  2335 | D:3      | 2335 ||| DRINKING 2 pink potions.
  2336 | D:3      | 2336 ||| DRINKING 2 puce potions.
  2336 | D:3      | Gained mutation: You occasionally shout uncontrollably at
                  | your foes. [potion of mutation]
  2336 | D:3      | Gained mutation: You frequently scream uncontrollably at
                  | your foes. [potion of mutation]
  2337 | D:3      | 2337 ||| DROPPING potion of degeneration.
  2338 | D:3      | 2338 ||| DROPPING potion of ambrosia.
  2378 | D:4      | 2378 ||| STAIRDANCE
  2384 | D:3      | Reached XP level 6. HP: 30/35 MP: 9/9
  2406 | D:4      | 2406 ||| STAIRDANCE
  2457 | D:4      | 2457 ||| STAIRDANCE
  2459 | D:4      | 2459 ||| DRINKING potion of curing.
  2459 | D:4      | 2459 ||| (to cure confusion)
  2531 | D:4      | Noticed Blork the orc
  2537 | D:4      | Killed Blork the orc
  2538 | D:4      | Reached skill level 3 in Invocations
  2688 | D:4      | Reached XP level 7. HP: 40/40 MP: 11/11
  2894 | D:4      | 2894 ||| DROPPING ring of magical power.
  2895 | D:4      | 2895 ||| READING scroll of identify.
  2895 | D:4      | 2895 ||| IDENTIFYING fizzy pink potion
  2896 | D:4      | 2896 ||| READING scroll labelled JUUMIH VAAL.
  2896 | D:4      | 2896 ||| ENCHANTING +0 ring mail.
  2897 | D:4      | 2897 ||| DRINKING 4 sapphire potions.
  2916 | D:5      | Entered Level 5 of the Dungeon
  2918 | D:5      | Reached ** piety under Okawaru
  3014 | D:5      | Reached skill level 10 in Ranged Weapons
  3086 | D:5      | Reached skill level 1 in Armour
  3092 | D:5      | Noticed Grinder
  3093 | D:5      | 3093 ||| INVOKING Heroism.
  3097 | D:5      | 3097 ||| FLEEEEING.
  3098 | D:5      | 3098 ||| FLEEEEING.
  3099 | D:5      | 3099 ||| FLEEEEING.
  3100 | D:5      | 3100 ||| FLEEEEING.
  3101 | D:5      | 3101 ||| FLEEEEING.
  3102 | D:5      | 3102 ||| FLEEEEING.
  3103 | D:5      | 3103 ||| FLEEEEING.
  3104 | D:5      | 3104 ||| FLEEEEING.
  3105 | D:5      | 3105 ||| FLEEEEING.
  3106 | D:5      | 3106 ||| FLEEEEING.
  3107 | D:5      | 3107 ||| FLEEEEING.
  3108 | D:5      | 3108 ||| FLEEEEING.
  3109 | D:5      | 3109 ||| FLEEEEING.
  3110 | D:5      | 3110 ||| FLEEEEING.
  3111 | D:5      | 3111 ||| FLEEEEING.
  3112 | D:5      | 3112 ||| FLEEEEING.
  3113 | D:5      | 3113 ||| FLEEEEING.
  3114 | D:5      | 3114 ||| FLEEEEING.
  3115 | D:5      | 3115 ||| FLEEEEING.
  3116 | D:5      | 3116 ||| FLEEEEING.
  3117 | D:5      | 3117 ||| FLEEEEING.
  3118 | D:5      | 3118 ||| FLEEEEING.
  3119 | D:5      | 3119 ||| FLEEEEING.
  3120 | D:5      | 3120 ||| FLEEEEING.
  3121 | D:5      | 3121 ||| FLEEEEING.
  3122 | D:5      | 3122 ||| FLEEEEING.
  3127 | D:5      | 3127 ||| INVOKING Heroism.
  3129 | D:5      | Killed Grinder
  3130 | D:5      | Reached skill level 11 in Ranged Weapons
  3246 | D:5      | 3246 ||| READING scroll of brand weapon.
  3246 | D:5      | 3246 ||| BRANDING +6 arbalest of electrocution.
  3271 | D:5      | Reached XP level 8. HP: 35/44 MP: 13/13
  3543 | D:5      | Found a sparkling altar of Nemelex Xobeh.
  3621 | D:5      | Reached skill level 12 in Ranged Weapons
  3649 | D:5      | 3649 ||| READING 2 scrolls of identify.
  3649 | D:5      | 3649 ||| IDENTIFYING inky potion
  3650 | D:5      | 3650 ||| READING scroll of identify.
  3650 | D:5      | 3650 ||| IDENTIFYING scroll labelled USCHUF YSTRARGHU
  3651 | D:5      | 3651 ||| DROPPING scroll of amnesia.
  3716 | D:6      | Noticed Dowan
  3717 | D:6      | Killed Dowan
  3717 | D:6      | Noticed Duvessa
  3718 | D:6      | Reached skill level 3 in Fighting
  3719 | D:6      | 3719 ||| INVOKING Heroism.
  3720 | D:6      | 3720 ||| DRINKING potion of haste.
  3722 | D:6      | Killed Duvessa
  3966 | D:6      | 3966 ||| READING scroll of enchant armour.
  3966 | D:6      | 3966 ||| ENCHANTING +1 ring mail.
  4084 | D:6      | HP: 11/46 [poisoned by a kobold]
  4463 | D:6      | Reached *** piety under Okawaru
  4476 | D:6      | 4476 ||| READING scroll of identify.
  4476 | D:6      | 4476 ||| IDENTIFYING scroll labelled FOUPES VIGOUSCH
  4477 | D:6      | 4477 ||| DROPPING scroll of immolation.
  4647 | D:7      | Reached skill level 13 in Ranged Weapons
  4728 | D:7      | Found a radiant altar of Vehumet.
  4753 | D:7      | Found the +7 Throatcutter {drain, coup de grace}
  4777 | D:7      | 4777 ||| INVOKING Heroism.
  4882 | D:7      | Found a transporter.
  4948 | D:7      | Found a transporter.
  4949 | D:7      | Noticed a moth of wrath
  4957 | D:7      | Reached XP level 9. HP: 51/51 MP: 14/14
  4962 | D:7      | Reached skill level 14 in Ranged Weapons
  5030 | D:7      | Found a staircase to the Ecumenical Temple.
  5258 | D:7      | 5258 ||| UPGRADING to ring of protection from fire.
  5259 | D:7      | 5259 ||| UPGRADING to +6 ring of strength.
  5260 | D:7      | 5260 ||| READING scroll of identify.
  5260 | D:7      | 5260 ||| IDENTIFYING scroll labelled OZYWID ESHUDOI
  5261 | D:7      | 5261 ||| DROPPING scroll of revelation.
  5340 | D:8      | Found a blossoming altar of Fedhas.
  5391 | D:8      | Reached skill level 15 in Ranged Weapons
  5420 | D:8      | Reached skill level 6 in Dodging
  5440 | D:8      | Reached **** piety under Okawaru
  5479 | D:8      | Found a shimmering altar of Xom.
  5591 | D:8      | Found a white marble altar of Elyvilon.
  5647 | D:8      | 5647 ||| READING scroll of enchant armour.
  5647 | D:8      | 5647 ||| ENCHANTING +2 ring mail.
  5678 | D:8      | 5678 ||| Stepping randomly (disturbance).
  5679 | D:8      | 5679 ||| Stepping randomly (disturbance).
  5698 | D:8      | Killed an unseen horror
  5873 | D:8      | Found a hide-covered altar of Uskayaw.
  5898 | D:8      | Found a shimmering blue altar of Sif Muna.
  5901 | D:8      | Found a sacrificial altar of Ru.
  5904 | D:8      | Found a glowing silver altar of Zin.
  5907 | D:8      | Found a bloodstained altar of Trog.
  6104 | D:8      | 6104 ||| DROPPING amulet of regeneration.
  6105 | D:8      | 6105 ||| READING scroll labelled SANEGH BAINO.
  6239 | D:9      | Noticed Erica
  6240 | D:9      | 6240 ||| INVOKING Finesse.
  6251 | D:9      | HP: 12/52 [something (9)]
  6254 | D:9      | Slain by Erica

Levels and vault maps discovered:
D:1:      dpeg_arrival_round_a, layout_loops_ring
D:2:      layout_basic, basic_altar, wander_ebering_terrifying_dragon_lair
D:3:      minmay_bubble_buster, layout_loops_corners,
          ebering_ecumenical_altar_box
D:4:      layout_rooms, serial_bayou, serial_bayou_shore_b, serial_bayou_pond_b,
          serial_bayou_pond_b, serial_bayou_pond_d, uniq_blork_the_orc
D:5:      layout_gridville, nemelex_diamond_rough_becter, serial_demonic,
          serial_demonic_f, serial_demonic_c, serial_demonic_c,
          serial_demonic_g, uniq_grinder
D:6:      layout_cave_pods, uniq_duvessa
D:7:      layout_gridville, overflow_temple_1_default,
          minmay_temple_entry_junction, gammafunk_ghost_wrathful_warriors
D:8:      layout_cave_pools, fedhas_bush_and_centaur_altar,
          mainiacjoe_overflow_alcove_2, overflow_temple_1_default,
          grunt_temple_overflow_cloverleaf, xom_teletrap_fun,
          minmay_diced_spiral
D:9:      layout_rooms, pdpol_wu_jian_five_deadly_venoms,
          hellmonk_lair_entry_icy, onia_ninara_dug_in_and_dangerous, uniq_erica,
          uniq_harold, uniq_joseph

Skill      XL: |  1  2  3  4  5  6  7  8  9 |
---------------+----------------------------+-----
Ranged Weapons | 6 7 8 9 11 13 15 | 15.5
Dodging        | 3 4 6 |  6.0
Invocations    | 1 3 4 5 |  5.3
Fighting       | 2 3 4 |  4.0
Armour         | 1 |  1.0
Stealth        | |  1.2

Action                     |  1- 3 |  4- 6 |  7- 9 || total
---------------------------+-------+-------+-------++-------
   Fire: Shortbow          |    62 |       |       ||    62
         Arbalest          |    37 |    88 |   209 ||   334
 Invoke: Heroism           |       |       |     4 ||     4
         Finesse           |       |       |     1 ||     1
    Use: Scroll            |     6 |     5 |    10 ||    21
         Potion            |     2 |     3 |     2 ||     7
 Armour: Leather armour    |    17 |    12 |       ||    29
         Ring mail         |       |     9 |    77 ||    86
  Dodge: Dodged            |    14 |    28 |    53 ||    95
  Block: Other             |       |     3 |    18 ||    21
         Reflection        |       |       |     4 ||     4

Table legend:
 A = Non-vault XP
 B = Vault XP
 C = Vault XP percentage of total XP
 D = Non-vault monster count
 E = Vault monster count
 F = Vault count percentage of total count
                 A         B        C        D         E       F
            +---------+---------+-------+---------+---------+-------
      Total |    4206 |    1085 |  20.5 |     160 |      30 |  15.8
            +---------+---------+-------+---------+---------+-------
        D:1 |      44 |       0 |   0.0 |      28 |       0 |   0.0
        D:2 |     153 |       1 |   0.6 |      32 |       1 |   3.0
        D:3 |     113 |     100 |  46.9 |      11 |      12 |  52.2
        D:4 |     232 |     116 |  33.3 |      12 |       4 |  25.0
        D:5 |     526 |     339 |  39.2 |      18 |       5 |  21.7
        D:6 |     391 |     211 |  35.0 |      16 |       2 |  11.1
        D:7 |    1109 |       0 |   0.0 |      16 |       0 |   0.0
        D:8 |    1638 |     318 |  16.3 |      27 |       6 |  18.2
            +---------+---------+-------+---------+---------+-------
